 Dungeon Crawl Stone Soup version 0.29-a0-284-gf9362112df (webtiles) character file.

Game seed: 17990600706337755842

28 gzilladon the Skirmisher (level 3, 0/33 HPs)
             Began as a Hill Orc Fighter on Mar 24, 2022.
             Slain by a jackal (2 damage)
             ... on level 2 of the Dungeon.
             The game lasted 00:03:41 (864 turns).

gzilladon the Skirmisher (Hill Orc Fighter)          Turns: 864, Time: 00:03:42

Health: 0/33       AC:  8    Str: 20    XL:     3   Next: 14%
Magic:  3/3        EV:  9    Int:  8    God:
Gold:   40         SH:  5    Dex: 16    Spells: 2/2 levels left

rFire   . . .      SeeInvis .   a - +0 war axe
rCold   . . .      Faith    .   c - +0 buckler
rNeg    . . .      Spirit   .   b - +0 scale mail
rPois   .          Reflect  .   (no helmet)
rElec   .          Harm     .   (no cloak)
rCorr   .          Rampage  .   h - +0 pair of gloves
Will    .....                   (no boots)
Stlth   ..........              (no amulet)
HPRegen 0.11/turn               e - +6 ring of dexterity
MPRegen 0.08/turn               (no ring)

@: no status effects
A: no striking features
a: no special abilities


You were on level 2 of the Dungeon.
You visited 1 branch of the dungeon, and saw 2 of its levels.

You collected 40 gold pieces.

Inventory:

Hand Weapons
 a - a +0 war axe (weapon)
Missiles
 g - 15 stones (quivered)
Armour
 b - a +0 scale mail (worn)
 c - a +0 buckler (worn)
 h - a +0 pair of gloves (worn)
Jewellery
 e - a +6 ring of dexterity (left hand)
Potions
 d - a potion of might


   Skills:
 + Level 4.1 Fighting
 + Level 3.1 Axes
 + Level 3.8 Armour
 + Level 0.2 Dodging
 + Level 3.5 Shields


You had 2 spell levels left.
You didn't know any spells.
Your spell library was empty.

Dungeon Overview and Level Annotations

Branches:
Dungeon (2/15)

Altars:

Annotations:
D:2 Sigmund


Message History

You block the jackal's attack. The jackal closely misses you.
The jackal bites you. Sigmund hits you with a +0 scythe!
You closely miss the jackal.
The jackal is moderately wounded.
You hit the jackal.
You kill the jackal!
You barely miss Sigmund. You hit the jackal.
You kill the jackal!
The jackal bites you. x2; Sigmund hits you with a +0 scythe!
You barely miss the jackal.
The jackal is moderately wounded.
You hit Sigmund. The jackal closely misses you. The jackal barely misses you.
Sigmund gestures at you while chanting. The magic dart hits you.
You hit the jackal but do no damage.
The jackal is moderately wounded.
You hit Sigmund. The jackal barely misses you.
Sigmund hits you but does no damage.
The jackal bites you but does no damage.
You closely miss the jackal.
The jackal is moderately wounded.
You closely miss Sigmund. The jackal closely misses you.
Sigmund hits you but does no damage.
The jackal bites you but does no damage.
You closely miss the jackal.
The jackal is moderately wounded.
You hit Sigmund. The jackal closely misses you. You block Sigmund's attack.
The jackal barely misses you.
You closely miss the jackal.
The jackal is moderately wounded.
You hit Sigmund.
The jackal bites you but does no damage.
Sigmund hits you with a +0 scythe!
* * * LOW HITPOINT WARNING * * *
The jackal bites you but does no damage.
As you read the scroll labelled GUDYD UGEOFYUG, it crumbles to dust.
It is a scroll of identify.
You don't have any unidentified items.
The jackal bites you.
You die...

......#.#####... #..
...............##...
....................
..................
.................
.!.......#.# ..#
...........##..###
........†...<....#
.......@h........#
.......@.........#
.................#
...................
....................
..........##........
...........#........
...#######.. ..


You could see Sigmund and a jackal.

Vanquished Creatures
  2 dart slugs
  2 endoplasms (D:1)
  2 giant cockroaches (D:1)
  3 goblins (D:1)
  A hobgoblin (D:1)
  2 jackals (D:2)
  3 ball pythons (D:1)
  A frilled lizard (D:1)
  2 kobolds (D:1)
  5 rats (D:1)
23 creatures vanquished.

Notes
Turn   | Place    | Note
-------+----------+-------------------------------------------
     0 | D:1      | gzilladon the Hill Orc Fighter began the quest for the Orb.
     0 | D:1      | Reached XP level 1. HP: 19/19 MP: 1/1
    73 | D:1      | Reached skill level 4 in Fighting
    83 | D:1      | Reached XP level 2. HP: 23/27 MP: 2/2
   850 | D:2      | Noticed Sigmund
   855 | D:2      | Reached XP level 3. HP: 33/33 MP: 3/3
   864 | D:2      | Slain by a jackal

Illustrated notes

Levels and vault maps discovered:
D:1:      evilmike_arrival_plus, layout_loops_ring
D:2:      layout_rooms, shapermc_ecumenical_altar_ellora, basic_altar,
          minmay_tripent, uniq_sigmund

Skill      XL: |  1  2 |
---------------+-------+-----
Fighting       | 4 |  4.1
Axes           | 3 |  3.1
Armour         | |  3.8
Dodging        | |  0.2
Shields        | |  3.5

Action                   || total
-------------------------++-------
Melee: War axe           ||    58
  Use: Scroll            ||     1
Armor: Scale mail        ||    27
Dodge: Dodged            ||    33
Block: Buckler           ||    14

Table legend: (Time is in decaauts)
 A = Elapsed time spent in this place.
 B = Non-inter-level travel time spent in this place.
 C = Inter-level travel time spent in this place.
 D = Time resting spent in this place.
 E = Time spent auto-exploring this place.
 F = Levels seen in this place.
 G = Mean time per level.
                   A        B        C        D        E       F      G
               +--------+--------+--------+--------+--------+-----+--------+
         Total |    886 |    886 |      0 |    100 |      0 |   2 |  443.0 |
       Dungeon |    886 |    886 |      0 |    100 |      0 |   2 |  443.0 |
               +--------+--------+--------+--------+--------+-----+--------+

Top non-repeatable levels by time:
     D:1: 868 daAuts
     D:2: 17 daAuts
